[Event "Goteborg Open 2024"]
[Site "Goteborgs Schackcentrum, Vegatan 20, Gothenburg, Sweden"]
[Date "2024.08.02"]
[Round "1.1"]
[White "Westlund, Tim"]
[Black "Rasti, Arvin"]
[Result "0-1"]
[TimeControl "15 minutes + 5 seconds per move from move one (Round 1 - 4) / 90 minutes + 30 seconds per move from move one (Round 5 - 8)"]
[BlackTitle "FM"]
[BlackFideId "1741160"]
[WhiteElo "1886"]
[BlackElo "2195"]

1. e4 c5 2. Nf3 d6 3. Bb5+ Nd7 4. O-O a6 5. Bd3 b5 6. c3 Qc7 7. Bc2 Ngf6 8. d4 e6 9. Nbd2 Be7 10.
Re1 Bb7 11. Nf1 Rc8 12. Ng3 h5 13. Bg5 cxd4 14. Nxd4 h4 15. Nf1 Rh5 16. f4 Rh8 17. Nd2 Bd8 18. Bb3 Qb6 19. Kh1 Nh5 20.
Qg4 Bxg5 21. fxg5 Ne5 22. Qh3 Qd8 23. N2f3 Nf4 24. Nxe5 Nxh3 25. Nxf7 Kxf7 26. Rf1+ Ke7 27. Bxe6 Rf8 28.
Bxh3 Bxe4 29. Rfe1 d5 30. Bxc8 Qxc8 31. Re2 h3 32. Kg1 hxg2 33. Rae1 Rf1+ 34. Rxf1 gxf1=Q+ 35. Kxf1 Qh3+ 36. Ke1 Qh4+ 37. Kd1 Qxg5 38. Nf3 Qf4 39.
Nd2 Kd7 40. Nxe4 dxe4 41. Ke1 e3 42.
Kd1 Qf1+ 43. Re1 Qd3+ 0-1

[ePGN "0.1;DGT LiveChess/2.2.6"]

[Event "Goteborg Open 2024"]
[Site "Goteborgs Schackcentrum, Vegatan 20, Gothenburg, Sweden"]
[Date "2024.08.02"]
[Round "1.2"]
[White "Ask, Josef"]
[Black "Johansson, Eva"]
[Result "1-0"]
[TimeControl "15 minutes + 5 seconds per move from move one (Round 1 - 4) / 90 minutes + 30 seconds per move from move one (Round 5 - 8)"]
[WhiteTitle "FM"]
[WhiteElo "2129"]
[BlackElo "1878"]

1. c4 d6 2. Nc3 e5 3. g3 Nf6 4. Bg2 c6 5. d3 Be7 6. Nf3 Qc7 7. O-O O-O 8. Rb1 Bg4 9. h3 Bh5 10.
b4 Nbd7 11. b5 Rab8 12. Ba3 Rfe8 13. Nd2 Bf8 14. bxc6 bxc6 15. Qa4 Rec8 16. Rxb8 Nxb8 17. g4 Bg6 18. Rb1 Nbd7 19. Qa6 Nb8 20.
Qb7 h5 21. Qxc7 1-0

[ePGN "0.1;DGT LiveChess/2.2.6"]

[Event "Goteborg Open 2024"]
[Site "Goteborgs Schackcentrum, Vegatan 20, Gothenburg, Sweden"]
[Date "2024.08.02"]
[Round "1.3"]
[White "Torres, Lucas"]
[Black "Eriksson, Kristian"]
[Result "0-1"]
[TimeControl "15 minutes + 5 seconds per move from move one (Round 1 - 4) / 90 minutes + 30 seconds per move from move one (Round 5 - 8)"]
[BlackFideId "1705172"]
[WhiteElo "1861"]
[BlackElo "2064"]

1. e4 e5 2. Nf3 Nc6 3. d4 exd4 4. Bc4 Nf6 5. e5 d5 6. Bb5 Ne4 7. Nxd4 Qh4 8. g3 Nxg3 9. fxg3 Qe4+ 10.
Kf2 Bg4 11. Nc3 Qg6 12. Qd3 Bc5 13. Be3 O-O 14. Bxc6 bxc6 15. Rhe1 Bxd4 16. Bxd4 Bf5 17. Qe3 Rae8 18. Ne2 f6 19.
Nf4 Qh6 20. Kg1 fxe5 21. Bxe5 Be4 22. Bd4 g5 23. Ng2 0-1

[ePGN "0.1;DGT LiveChess/2.2.6"]

[Event "Goteborg Open 2024"]
[Site "Goteborgs Schackcentrum, Vegatan 20, Gothenburg, Sweden"]
[Date "2024.08.02"]
[Round "1.4"]
[White "Kring, Stephan"]
[Black "Lindholm, Marcus"]
[Result "0-1"]
[TimeControl "15 minutes + 5 seconds per move from move one (Round 1 - 4) / 90 minutes + 30 seconds per move from move one (Round 5 - 8)"]
[WhiteFideId "1711687"]
[WhiteElo "2057"]
[BlackElo "1851"]

1. d4 d5 2. c4 c6 3. Nf3 Nf6 4.
Nc3 e6 5. Bg5 dxc4 6. e4 b5 7.
a3 Be7 8. Qc2 Nbd7 9. g3 Bb7 10. Bg2 O-O 11. Rd1 h6 12. Bf4 Qb6 13. O-O Rfd8 14. h3 Nf8 15. Ne5 Bd6 16. Be3 Qc7 17.
f4 N6d7 18. Nf3 f6 19. e5 Be7 20. g4 a6 21. exf6 Nxf6 22. g5 hxg5 23. Nxg5 Nd5 24. Nxd5 cxd5 25. f5 Bxg5 26. Bxg5 Re8 27.
f6 Qf7 28. fxg7 Qxg7 29. Bf4 Ng6 30. Bg3 e5 31. dxe5 Nxe5 32. Qc3 Nd3 33. Qxg7+ Kxg7 34. b3 Rf8 35. bxc4 bxc4 36. Rb1 Rxf1+ 37. Bxf1 Bc8 38. Bf2 Nxf2 39.
Kxf2 Bf5 40. Rb7+ Kf6 41. Ke3 Ke5 42. Re7+ Be6 43. h4 d4+ 44. Kd2 c3+ 45. Kd3 Rh8 46. Bh3 Rh6 47. Bxe6 Rxe6 48. Rh7 Rf6 49. Re7+ Re6 50.
Rg7 Kf6 51. Rg5 Rd6 52. Ra5 Rc6 53. Kc2 Rb6 54. Kd3 Kg6 55. Rd5 Rc6 56. Kc2 Rc4 57. Rd6+ Kh5 58. Rxa6 Kxh4 59. Rd6 Kg3 60.
Rf6 d3+ 61. Kxd3 c2 0-1

[ePGN "0.1;DGT LiveChess/2.2.6"]

[Event "Goteborg Open 2024"]
[Site "Goteborgs Schackcentrum, Vegatan 20, Gothenburg, Sweden"]
[Date "2024.08.02"]
[Round "1.5"]
[White "Saleh, Saqr"]
[Black "Karlsson, Stefan"]
[Result "0-1"]
[TimeControl "15 minutes + 5 seconds per move from move one (Round 1 - 4) / 90 minutes + 30 seconds per move from move one (Round 5 - 8)"]
[BlackFideId "1771183"]
[WhiteElo "1835"]
[BlackElo "2042"]

1. c4 Nf6 2. Nc3 g6 3. Nf3 Bg7 4. d4 O-O 5. e4 d6 6. Be2 e5 7. dxe5 dxe5 8. Qxd8 Rxd8 9. Bg5 Re8 10. Nd5 Nxd5 11. cxd5 c6 12.
Bc4 h6 13. Bh4 cxd5 14. Bxd5 Nc6 15.
Bxc6 bxc6 16. Ke2 Rb8 17. b3 f5 18. exf5 e4 19. Nd2 Ba6+ 20. Ke3 g5 21. Bg3 Rbd8 22. Nc4 Rd3+ 23. Ke2 Bxc4 24.
bxc4 Bxa1 25. Rxa1 Rc3 26. Rb1 Rxc4 27. Rb7 Rc2+ 28. Ke3 Rxa2 29. Bd6 Rf8 30. Bxf8 Kxf8 0-1

[ePGN "0.1;DGT LiveChess/2.2.6"]

[Event "Goteborg Open 2024"]
[Site "Goteborgs Schackcentrum, Vegatan 20, Gothenburg, Sweden"]
[Date "2024.08.02"]
[Round "1.6"]
[White "Kallen, Jonas"]
[Black "Gallardo, Guillermo"]
[Result "1-0"]
[TimeControl "15 minutes + 5 seconds per move from move one (Round 1 - 4) / 90 minutes + 30 seconds per move from move one (Round 5 - 8)"]
[WhiteElo "2017"]
[BlackElo "1822"]

1. e4 c6 2. d4 d5 3. exd5 cxd5 4. Bd3 Nc6 5. c3 Nf6 6. h3 g6 7. Qc2 Bg7 8. Nf3 O-O 9. O-O Qc7 10.
Re1 Bd7 11. Nbd2 Rac8 12. a3 Rfe8 13. Qd1 e5 14. dxe5 Nxe5 15. Nxe5 Rxe5 16. Rxe5 Qxe5 17. Nf3 Qd6 18. Be3 b6 19.
Bd4 Nh5 20. Bxg7 Kxg7 21. Nd4 Nf4 22. Qd2 Nxd3 23. Qxd3 Be6 24. Re1 Re8 25. Nf3 Qf4 26. Qd4+ Qxd4 27. Nxd4 Kf6 28. f4 h5 29.
h4 Rc8 30. Kf2 a6 31. Re5 Rc5 32. Ke3 b5 33. g3 Rc4 34. Kd3 Rc5 35. Kc2 Bf5+ 36. Nxf5 gxf5 37. Kd3 Kg6 38. Kd4 Rc4+ 39.
Kxd5 f6 40. Re3 a5 41. b3 Rc8 42.
c4 Rd8+ 43. Kc5 bxc4 44. bxc4 1-0

[ePGN "0.1;DGT LiveChess/2.2.6"]

[Event "Goteborg Open 2024"]
[Site "Goteborgs Schackcentrum, Vegatan 20, Gothenburg, Sweden"]
[Date "2024.08.02"]
[Round "1.7"]
[White "Shchetinin, Oleg"]
[Black "Wickstrom, Carina"]
[Result "0-1"]
[TimeControl "15 minutes + 5 seconds per move from move one (Round 1 - 4) / 90 minutes + 30 seconds per move from move one (Round 5 - 8)"]
[WhiteElo "1742"]
[BlackElo "2013"]

1. d4 g6 2. c4 Bg7 3. Nf3 d6 4. Nc3 e5 5. dxe5 dxe5 6. Qxd8+ Kxd8 7. e4 c6 8. g3 f6 9. Bg2 Be6 10.
b3 Nd7 11. O-O Nh6 12. Ba3 Bf8 13. Bxf8 Rxf8 14. Rad1 Kc7 15. Rd2 a5 16. Na4 Nf7 17. Rfd1 Rfd8 18. Kf1 Bg4 19. h3 Bxf3 20.
Bxf3 Ng5 21. Bg2 Ne6 22. Rd6 Nd4 23. R6xd4 exd4 24. Rxd4 Ne5 25. Rxd8 Rxd8 26. Ke2 Nd3 27. Nc3 a4 28.
Nxa4 Nc1+ 29. Ke3 Nxa2 30. Bf3 b6 31. Nb2 Nb4 32. Bd1 c5 33. f4 Kd6 34. Nd3 Nxd3 35. Kxd3 Ra8 36. Bf3 Ra2 37.
f5 g5 38. h4 h6 39. hxg5 hxg5 40. g4 Ke5 41. Ke3 Ra3 42. Bd1 Ra1 43. Be2 Rh1 44. Bd3 Rh3+ 45. Ke2 Kd4 46. Bc2 Rg3 0-1

[ePGN "0.1;DGT LiveChess/2.2.6"]

[Event "Goteborg Open 2024"]
[Site "Goteborgs Schackcentrum, Vegatan 20, Gothenburg, Sweden"]
[Date "2024.08.02"]
[Round "1.8"]
[White "Wesslen, Ulf"]
[Black "Olsson, Jonas 1968"]
[Result "1-0"]
[TimeControl "15 minutes + 5 seconds per move from move one (Round 1 - 4) / 90 minutes + 30 seconds per move from move one (Round 5 - 8)"]
[WhiteElo "1953"]
[BlackElo "1741"]

1. e4 e5 2. Nf3 Nc6 3. Bc4 f5 4. d3 fxe4 5. dxe4 h6 6. Nxe5 Nf6 7. Ng6 Rh7 8. e5 d5 9. Bd3 Nxe5 10.
Nxe5 Qe7 11. Bg6+ Kd8 12. Qe2 Rh8 13. Nf7+ Kd7 14. Qxe7+ Bxe7 15. Nxh8 c5 16. O-O b5 17. Bf4 Kc6 18.
Nd2 Ba6 19. Nf7 c4 20. Rfe1 Bc5 21. Re6+ Kb7 22. Rae1 Ng4 23. Nd6+ Bxd6 24. Rxd6 Rf8 25. Bg3 Ka8 26. Rxa6 Rxf2 27.
Re7 Rxd2 28. Raxa7# 1-0

[ePGN "0.1;DGT LiveChess/2.2.6"]

[Event "Goteborg Open 2024"]
[Site "Goteborgs Schackcentrum, Vegatan 20, Gothenburg, Sweden"]
[Date "2024.08.02"]
[Round "1.9"]
[White "Thern, Alfred"]
[Black "Lennerstad, Allan"]
[Result "0-1"]
[TimeControl "15 minutes + 5 seconds per move from move one (Round 1 - 4) / 90 minutes + 30 seconds per move from move one (Round 5 - 8)"]
[WhiteElo "1729"]
[BlackElo "1950"]

1. e4 c5 2. c3 d5 3. exd5 Qxd5 4. d4 cxd4 5. cxd4 Nc6 6. Nf3 e6 7. Nc3 Bb4 8. Be2 Nge7 9. O-O Qd8 10.
a3 Ba5 11. Qd3 Ng6 12. Bg5 f6 13. Be3 O-O 14. Rfd1 Nce7 15. b4 Bc7 16. Qd2 Nd5 17. Nxd5 exd5 18. Rac1 Be6 19. Rc3 a5 20.
b5 Bd6 21. Rdc1 Qe7 22. Qb2 Rfe8 23.
h4 Bd7 24. h5 Nf4 25. Bxf4 Bxf4 26.
Re1 Bg4 27. Nh4 Bxe2 28. Rc2 Qf7 29. Rcxe2 Qxh5 30. g3 Bd6 31. Rxe8+ Rxe8 32. Rxe8+ Qxe8 33. Qd2 Qxb5 34. Nf5 Qb1+ 0-1

[ePGN "0.1;DGT LiveChess/2.2.6"]

[Event "Goteborg Open 2024"]
[Site "Goteborgs Schackcentrum, Vegatan 20, Gothenburg, Sweden"]
[Date "2024.08.02"]
[Round "1.10"]
[White "Harila, Per"]
[Black "Dahlin, Emil 2013"]
[Result "1-0"]
[TimeControl "15 minutes + 5 seconds per move from move one (Round 1 - 4) / 90 minutes + 30 seconds per move from move one (Round 5 - 8)"]
[WhiteElo "1947"]
[BlackElo "1719"]

1. d4 f5 2. Nf3 Nf6 3. g3 g6 4. Bg2 Bg7 5. O-O d6 6. c3 O-O 7. Qb3+ Kh8 8. Ng5 d5 9. Nd2 c6 10. Ndf3 h6 11. Nh3 Nbd7 12.
Nf4 Qe8 13. Ne6 g5 14. Nc7 Qh5 15. Nxa8 Ng4 16. h3 Ngf6 17. Nc7 g4 18. Ne5 gxh3 19. Bf3 Ng4 20. Ne6 Ndxe5 21. Nxg7 Nxf3+ 22. exf3 h2+ 23. Kh1 Qh3 24.
Bf4 Kxg7 25. c4 Nf6 26. Rfe1 e6 27. cxd5 Nxd5 28. Be5+ Kh7 29. Qa3 Rg8 30. Rg1 hxg1=Q+ 31.
Kxg1 f4 32. Qd3+ Qf5 33. Qb3 fxg3 34. Bxg3 Nf4 35. Qe3 Nh3+ 36. Kg2 Nf4+ 37. Kg1 Nd5 38. Qb3 h5 39. Kf1 h4 40. Be5 Qh3+ 41.
Ke2 Qf5 42. Rh1 h3 43. f4 Qg4+ 44. Ke1 h2 45. Kd2 Qg2 46. Qd3+ Kh6 47. Ke2 Qxh1 48. Qh3+ Kg6 49. Qg4+ Kf7 50. Qh5+ Kf8 51. Qh6+ Ke8 52.
Qh5+ Kd8 53. Qh7 Qe1+ 54. Kxe1 Rg1+ 55. Ke2 h1=Q 56. Qf7 Re1+ 57. Kd2 Rd1+ 58. Kc2 Rc1+ 59. Kb3 Qd1+ 60. Ka3 Qd3+ 61. b3 Qa6+ 62. Kb2 Rc2+ 63.
Kxc2 Qxa2+ 64. Kc1 Qa3+ 65. Kd2 Qb2+ 66. Ke1 Qc1+ 67. Ke2 Qc2+ 68. Kf1 Qd1+ 69. Kg2 Qg4+ 70. Kf1 Qh3+ 71. Ke1 Qh1+ 72. Ke2 Qe4+ 73. Kf1 Qd3+ 74. Kg1 Qd1+ 75.
Kg2 Qg4+ 76. Kf1 Qh3+ 77. Ke2 Nc3+ 78. Ke1 Qh1+ 79. Kd2 Ne4+ 80. Ke2 Nc3+ 81. Kd2 Nb1+ 82. Kc2 Na3+ 83. Kb2 Qb1+ 84.
Kxa3 Qa1+ 85. Kb4 a5+ 86. Kc5 Qc3+ 87. Kb6 Qxb3+ 88. Ka7 Qb4 89. Bf6+ Qe7 90. Qxe7+ 1-0

[ePGN "0.1;DGT LiveChess/2.2.6"]

[Event "Goteborg Open 2024"]
[Site "Goteborgs Schackcentrum, Vegatan 20, Gothenburg, Sweden"]
[Date "2024.08.02"]
[Round "1.11"]
[White "Bergdahl, Martin"]
[Black "Green, David 2010"]
[Result "0-1"]
[TimeControl "15 minutes + 5 seconds per move from move one (Round 1 - 4) / 90 minutes + 30 seconds per move from move one (Round 5 - 8)"]
[WhiteElo "1711"]
[BlackElo "1946"]

1. e4 c5 2. Nf3 e6 3. d4 cxd4 4. Nxd4 Nf6 5. Nc3 Nc6 6. Be3 Bb4 7. Bd3 d5 8. Nxc6 bxc6 9. e5 Nd7 10. Qg4 Bxc3+ 11. bxc3 g6 12. O-O Nxe5 13. Qd4 Qf6 14.
Qc5 Qe7 15. Qd4 Qf6 16. Qc5 Bd7 17. Qd6 Nxd3 18. cxd3 Qe7 19. Bc5 Qxd6 20. Bxd6 f6 21. Rab1 Kf7 22. Rb7 Rhd8 23. Bc7 Rdc8 24.
Bd6 Ke8 25. Re1 Kd8 26. Bc5 a6 27. Bb6+ Ke8 28. Bc5 Rcb8 29. Reb1 Rxb7 30. Rxb7 Kd8 31. Bb6+ Ke8 32. Bc5 Kd8 33. Bb6+ Ke8 34. Bc5 Bc8 35. Rxh7 e5 36. Be7 Rb8 37. h3 Rb1+ 38. Kh2 Rb2 39. Bxf6 Rxf2 40. Bxe5 Rxa2 41.
Rc7 Bf5 42. Rxc6 Bxd3 43. Re6+ Kf7 44. Rf6+ Ke7 45. Rf3 Be4 46. Rg3 Ke6 47. Bd4 a5 48. Rg4 a4 49. Bc5 Kf5 50. Rg3 a3 51.
c4 dxc4 52. Bxa3 c3 53. Rxc3 Rxg2+ 54. Kh1 Rc2+ 55. Kg1 Rxc3 56. Bb4 Rxh3 57. Kf2 Rb3 58. Bd2 Rb7 59. Ke3 Rd7 60. Be1 g5 61. Bb4 Rd3+ 62. Ke2 Rd7 63. Bd2 Rxd2+ 64. Kxd2 Kf4 65. Ke2 Kg3 66. Kf1 Kh2 67. Kf2 g4 68. Kf1 g3 69. Ke2 g2 70. Ke3 g1=Q+ 71. Kxe4 Qf2 72. Ke5 Qf3 73. Kd4 Kg3 74. Ke5 Qf4+ 0-1

[ePGN "0.1;DGT LiveChess/2.2.6"]

[Event "Goteborg Open 2024"]
[Site "Goteborgs Schackcentrum, Vegatan 20, Gothenburg, Sweden"]
[Date "2024.08.02"]
[Round "1.12"]
[White "Helin, Mikael"]
[Black "Bergdahl, Daniel"]
[Result "1/2-1/2"]
[TimeControl "15 minutes + 5 seconds per move from move one (Round 1 - 4) / 90 minutes + 30 seconds per move from move one (Round 5 - 8)"]
[WhiteTitle "CM"]
[WhiteElo "1937"]
[BlackElo "1689"]

1. e4 c6 2. d4 d5 3. f3 dxe4 4. fxe4 e5 5. Nf3 Bg4 6. Bc4 Nd7 7. O-O Ngf6 8. Kh1 Bd6 9. Qe1 Bxf3 10.
Rxf3 O-O 11. Bg5 exd4 12. Nd2 Re8 13. Qh4 Be7 14. Raf1 Ne5 15. Rxf6 gxf6 16. Rxf6 Nxc4 17. Nxc4 Bf8 18.
Rf5 Be7 19. Qh5 Bxg5 20. Rxg5+ Kh8 21. Ne5 Rxe5 22. Rxe5 Qf6 23. Rf5 Qg6 24. Qf3 Re8 25. e5 Qe6 26.
a3 Qd5 27. Qxd5 cxd5 28. g4 Rc8 29. Rxf7 Rxc2 30. Rxb7 d3 31. Rb8+ Kg7 32. Rb7+ Kg6 33.
Rd7 d2 34. Rxd5 d1=Q+ 35. Rxd1 Re2 36. Rd5 Kg5 37. h3 Kf4 38. Kg1 Kg3 39. Kf1 Rxb2 40. Rd3+ Kf4 41. e6 Rb8 42. Rd7 Re8 43.
Rxa7 Rxe6 44. Rxh7 Ra6 45. Rf7+ Kg5 46. Rf3 Kh4 47. Kg2 Kg5 48. Kg3 Ra4 49. h4+ Kg6 50. h5+ Kg7 51. Kh4 Kh6 52. Rb3 Kg7 53. Kg5 Ra5+ 54.
Kh4 Ra4 55. Rf3 Kh6 56. Re3 Kg7 57.
Rf3 Kh6 58. Rc3 Kg7 59. Rf3 1/2-1/2

[ePGN "0.1;DGT LiveChess/2.2.6"]

[Event "Goteborg Open 2024"]
[Site "Goteborgs Schackcentrum, Vegatan 20, Gothenburg, Sweden"]
[Date "2024.08.02"]
[Round "1.13"]
[White "Madevan Vaishnavi, Yaashvan"]
[Black "Johansson, Stefan 1962"]
[Result "0-1"]
[TimeControl "15 minutes + 5 seconds per move from move one (Round 1 - 4) / 90 minutes + 30 seconds per move from move one (Round 5 - 8)"]
[WhiteElo "1684"]
[BlackElo "1933"]

1. e4 e6 2. d4 d5 3. Nd2 Nf6 4. e5 Nfd7 5. Ngf3 c5 6. c3 Nc6 7. Nb3 cxd4 8. cxd4 f6 9. exf6 Nxf6 10.
Bb5 Bd7 11. O-O Bd6 12. Bxc6 bxc6 13. Re1 O-O 14. Bg5 Qc7 15. Nbd2 Rae8 16. Ne5 Bc8 17. Rc1 Bxe5 18. dxe5 Nd7 19.
Nf3 Rf5 20. Qe2 c5 21. Bh4 Bb7 22. b3 d4 23. Nxd4 Rxe5 24. Qd2 Rxe1+ 25. Qxe1 Qd6 26. Nb5 Qc6 27. Qf1 Ne5 28. Bg3 Nf3+ 29.
Kh1 Nd2 30. Nxa7 Qd5 31. Qg1 Ne4 32. f3 Ng5 33. Rxc5 Qf5 34. Rxf5 exf5 35. Nb5 Nxf3 36. gxf3 Bxf3+ 37. Qg2 Bxg2+ 38. Kxg2 Re2+ 39. Bf2 Rxa2 40. Nd4 g6 41. b4 Kf7 42. b5 Ke7 43. b6 Kd7 44. Nf3 Rb2 45. Ng5 h6 46. Nf7 h5 47. Ne5+ Ke6 48.
Nxg6 Kf6 49. Nf4 Kg5 50. Nd5 h4 51. h3 f4 52. Nc3 Kf5 53. Na4 Rb5 54. Nc3 Rb3 55. Ne2 f3+ 56. Kf1 Rb1+ 57.
Be1 fxe2+ 58. Kxe2 Rxb6 59. Bxh4 Rh6 60. Bf2 Rxh3 61. Be3 Ke4 62. Bf2 Rh2 63. Kf1 Kf3 0-1

[ePGN "0.1;DGT LiveChess/2.2.6"]

[Event "Goteborg Open 2024"]
[Site "Goteborgs Schackcentrum, Vegatan 20, Gothenburg, Sweden"]
[Date "2024.08.02"]
[Round "1.14"]
[White "Fransson, Lennart"]
[Black "Olsson, Oscar"]
[Result "1-0"]
[TimeControl "15 minutes + 5 seconds per move from move one (Round 1 - 4) / 90 minutes + 30 seconds per move from move one (Round 5 - 8)"]
[WhiteElo "1926"]
[BlackElo "1679"]

1. e4 d6 2. d4 g6 3. Nc3 Bg7 4. h4 h5 5. Be3 c6 6. Qd2 e5 7. dxe5 Bxe5 8. Nf3 Nd7 9. O-O-O Qc7 10.
Bc4 Ngf6 11. Ng5 O-O 12. f4 Bxc3 13. Qxc3 b5 14. Bxb5 c5 15. Be2 Bb7 16. Bf3 Rfe8 17. Qd3 a5 18.
Qxd6 Qxd6 19. Rxd6 Rad8 20. Rhd1 Re7 21. e5 Bxf3 22. gxf3 Ne8 23. R6d2 Nc7 24. Ne4 f5 25. Nf6+ Nxf6 26. Rxd8+ Nfe8 27. Bxc5 Rf7 28.
e6 Rh7 29. R1d7 Rxd7 30. exd7 Kf7 31. Rc8 1-0

[ePGN "0.1;DGT LiveChess/2.2.6"]

[Event "Goteborg Open 2024"]
[Site "Goteborgs Schackcentrum, Vegatan 20, Gothenburg, Sweden"]
[Date "2024.08.02"]
[Round "1.15"]
[White "Ulmer, Maya Vissing"]
[Black "Utriainen, Tapani"]
[Result "0-1"]
[TimeControl "15 minutes + 5 seconds per move from move one (Round 1 - 4) / 90 minutes + 30 seconds per move from move one (Round 5 - 8)"]
[WhiteElo "1676"]
[BlackElo "1914"]

1. d4 d5 2. c4 c6 3. Nc3 Nf6 4.
cxd5 cxd5 5. Bf4 Nc6 6. e3 a6 7. Bd3 Bg4 8. Qb3 b5 9. Rc1 Rc8 10. Nge2 e6 11. O-O Bd6 12. Bxd6 Qxd6 13.
Nf4 O-O 14. h3 Nxd4 15. exd4 Qxf4 16. hxg4 Nxg4 17. g3 Qh6 18. Kg2 Qh2+ 19. Kf3 f5 20. Rh1 Qxf2# 0-1

[ePGN "0.1;DGT LiveChess/2.2.6"]

[Event "Goteborg Open 2024"]
[Site "Goteborgs Schackcentrum, Vegatan 20, Gothenburg, Sweden"]
[Date "2024.08.02"]
[Round "1.16"]
[White "Borin, Jesper"]
[Black "Lifmark, Kaspar"]
[Result "1-0"]
[TimeControl "15 minutes + 5 seconds per move from move one (Round 1 - 4) / 90 minutes + 30 seconds per move from move one (Round 5 - 8)"]
[WhiteElo "1905"]
[BlackElo "1672"]

1. e4 d6 2. d4 Nf6 3. Nc3 g6 4. Be3 Bg7 5. Qd2 c6 6. Bh6 Bxh6 7. Qxh6 Nbd7 8. O-O-O e5 9. Nf3 Ng4 10. Qd2 b5 11. h3 Ngf6 12.
dxe5 dxe5 13. Nxe5 Bb7 14. Nxd7 Qxd7 15. Qf4 Qe6 16. Rd6 Qe7 17. Qxf6 1-0

[ePGN "0.1;DGT LiveChess/2.2.6"]

[Event "Goteborg Open 2024"]
[Site "Goteborgs Schackcentrum, Vegatan 20, Gothenburg, Sweden"]
[Date "2024.08.02"]
[Round "1.17"]
[White "Hammar, Arvid"]
[Black "Degerfeldt, Sven"]
[Result "0-1"]
[TimeControl "15 minutes + 5 seconds per move from move one (Round 1 - 4) / 90 minutes + 30 seconds per move from move one (Round 5 - 8)"]
[WhiteElo "1653"]
[BlackElo "1902"]

1. e4 c5 2. d4 cxd4 3. Qxd4 Nc6 4. Qd1 d6 5. Nc3 Nf6 6. Nf3 e6 7. Bb5 Bd7 8. O-O a6 9. Bxc6 Bxc6 10.
Bg5 Be7 11. Re1 Qc7 12. e5 dxe5 13. Nxe5 O-O 14. a3 Rad8 15. Nd3 Rfe8 16. Bf4 Bd6 17. Bxd6 Qxd6 18. Ne5 Qc5 19. Qe2 b5 20.
Rad1 Bb7 21. Qe3 Rxd1 22. Rxd1 Qxe3 23. fxe3 Rc8 24. g4 h6 25. h4 Nd5 26. Nxd5 Bxd5 27. c3 f6 28. Ng6 Kf7 29.
h5 Rc4 30. Nf4 Bc6 31. Kf2 Ke7 32. Kg3 Be4 33. Ne2 e5 34. b3 Rc7 35. Rc1 Rd7 36. c4 Bd3 37. Nc3 bxc4 38. bxc4 Bxc4 39.
Na2 Bxa2 40. Rc6 a5 41. e4 a4 42. Ra6 Bb3 43. Kf3 Bd1+ 44. Kg3 Rd3+ 45. Kf2 Rxa3 46. Ke1 Bxg4 47. Ra7+ Bd7 48. Kd2 Rh3 49. Kc2 a3 50.
Kb1 Re3 51. Ka2 Rxe4 0-1

[ePGN "0.1;DGT LiveChess/2.2.6"]

[Event "Goteborg Open 2024"]
[Site "Goteborgs Schackcentrum, Vegatan 20, Gothenburg, Sweden"]
[Date "2024.08.02"]
[Round "1.18"]
[White "Ottgard, Andreas"]
[Black "Evertsson, David"]
[Result "1-0"]
[TimeControl "15 minutes + 5 seconds per move from move one (Round 1 - 4) / 90 minutes + 30 seconds per move from move one (Round 5 - 8)"]
[WhiteElo "1900"]
[BlackElo "1642"]

1. c4 e5 2. g3 c6 3. d4 e4 4. Nc3 d5 5. Bg2 f5 6. Nh3 Nf6 7. O-O Bd6 8. Bg5 Be6 9. cxd5 cxd5 10.
Qb3 Nc6 11. Bxf6 Qxf6 12. Qxb7 Rc8 13. Nxd5 Qxd4 14. Rfd1 Qa4 15. Qxg7 Be5 16. Nf6+ Bxf6 17. Qxf6 Bd7 18. Qxh8+ Ke7 19.
Qg7+ 1-0

[ePGN "0.1;DGT LiveChess/2.2.6"]

[Event "Goteborg Open 2024"]
[Site "Goteborgs Schackcentrum, Vegatan 20, Gothenburg, Sweden"]
[Date "2024.08.02"]
[Round "1.19"]
[White "Murugaraja, Yogeshwer"]
[Black "Eldh, Hjalmar"]
[Result "0-1"]
[TimeControl "15 minutes + 5 seconds per move from move one (Round 1 - 4) / 90 minutes + 30 seconds per move from move one (Round 5 - 8)"]
[WhiteElo "1628"]
[BlackElo "1897"]

1. c4 Nf6 2. g3 g6 3. Bg2 Bg7 4. Nf3 d5 5. cxd5 Nxd5 6. O-O O-O 7. Nc3 a5 8. a3 Nc6 9. Qc2 Bf5 10.
e4 Nxc3 11. bxc3 Bg4 12. d4 Qd7 13. Rb1 Rfb8 14. Bf4 Bxf3 15. Bxf3 e5 16. dxe5 Nxe5 17. Bg2 Qe7 18. Bxe5 Qxe5 19.
c4 c6 20. f4 Qc5+ 21. Kh1 Qxa3 22. Qb3 Qxb3 23. Rxb3 b5 24. cxb5 Rxb5 25. Rfb1 Rxb3 26. Rxb3 a4 27. Ra3 Bb2 28. Ra2 a3 29. e5 Rc8 30. Kg1 c5 31. Bh3 Rd8 32. Kf2 c4 33. e6 c3 34. e7 Re8 35.
Bd7 Rxe7 36. Ba4 Rd7 37. Bxd7 c2 38. Rxa3 Bxa3 39. Ba4 c1=Q 0-1

[ePGN "0.1;DGT LiveChess/2.2.6"]

[Event "Goteborg Open 2024"]
[Site "Goteborgs Schackcentrum, Vegatan 20, Gothenburg, Sweden"]
[Date "2024.08.02"]
[Round "1.20"]
[White "Garby, Jacob"]
[Black "Israelsson, Lukas"]
[Result "1-0"]
[TimeControl "15 minutes + 5 seconds per move from move one (Round 1 - 4) / 90 minutes + 30 seconds per move from move one (Round 5 - 8)"]
[WhiteElo "1895"]
[BlackElo "1615"]

1. d4 d5 2. c4 c6 3. Nf3 Nf6 4.
Nc3 g6 5. Bg5 Bg7 6. e3 O-O 7. Bd3 dxc4 8. Bxc4 b5 9. Bb3 a5 10. a4 b4 11. Bxf6 Bxf6 12. Ne4 Ba6 13. Nc5 e6 14.
Rc1 Qc8 15. Nd2 Rd8 16. Qg4 e5 17. Qf3 Qf5 18. Qxf5 gxf5 19. dxe5 Bxe5 20. Rc2 Nd7 21. Nxa6 Rxa6 22. Nf3 Bg7 23.
O-O Ne5 24. Nxe5 Bxe5 25. Rfc1 Rd6 26. Bc4 Ra7 27. b3 Rad7 28. Kf1 Bxh2 29. g3 Rd1+ 30. Kg2 Bg1 31. Bf1 Bxf2 32. Kxf2 R7d2+ 33. Rxd2 Rxd2+ 34. Kf3 Rb2 35.
Bc4 Kg7 36. Rd1 Rc2 37. g4 fxg4+ 38. Kxg4 Rc3 39. Kf4 Rc2 40. Rd7 Rf2+ 41. Kg3 Rf6 42. Ra7 Rf5 43. e4 Rf6 44. Rxa5 Kg6 45.
e5 Rf5 46. Bd3 Kg5 47. Bxf5 Kxf5 48. Rc5 h5 49. a5 h4+ 50.
Kxh4 Kf4 51. a6 1-0

[ePGN "0.1;DGT LiveChess/2.2.6"]